Unix NetHack Version 5.0.0-0 post-release - last build Jul 19 2026 19:10:59 (3aa4ab31751d3886436d94b585a96704892fd477,branch:main).

Game began 2026-07-27 09:28:42, ended 2026-07-27 09:29:24.

LDaviesPeters, neutral female human Archeologist

                                                                    ....
                                                                    ..<.
                                                                    .)...
                                                                    .`.@-
                                                                      G%.

LDaviesPeters the Digger   St:15 Dx:12 Co:12 In:12 Wi:14 Ch:10  Neutral
Dlvl:3  $:7  HP:0(13) Pw:2(2) AC:9  Xp:1 T:55 

Latest messages:
 Shall I pick character's race, role, gender and alignment for you? [ynaq] n
 [Camaxtli has chosen you to recover the Amulet of Yendor for Him.]
 Hello LDaviesPeters, welcome to NetHack!  You are a neutral female human Archeologist.
 What do you want to adjust? [a-i or ?*] e
 Adjust letter to what [ej-zA-Z] (? see used letters)? p
 Moving: p - a +0 pick-axe (alternate weapon; not wielded).
 What do you want to adjust? [a-df-ip or ?*] h
 Adjust letter to what [ehj-oq-zA-Z] (? see used letters)? b
 Swapping: b - an empty uncursed sack.
 You see here 7 gold pieces.
 $ - 7 gold pieces.
 There's some graffiti on the floor here.
 You read: "|t fur?ners cnc to see the grcat ma?."
 A trap door opens up under you!
 With great effort you move the boulder.
 You descend the stairs.
 With great effort you move the boulder.
 You are hit by a dagger.
 You see here a violet gem.
 The gnome swings his thonged club.
 The gnome hits!
 You kill the gnome!
 The gnome swings his thonged club.
 The gnome hits!
 You die...
 Do you want your possessions identified? [ynq] (y) q

Inventory:
 Coins    ('$')
  $ - 7 gold pieces
 Weapons  (')')
  a - a +2 bullwhip (weapon in right hand)
 Armor    ('[')
  c - an uncursed +0 fedora (being worn)
  h - a blessed +0 leather jacket (being worn)
 Comestibles  ('%')
  d - 3 uncursed food rations
 Tools    ('(')
  b - an empty uncursed sack
  i - a magic marker (0:19)
  p - a +0 pick-axe (alternate weapon; not wielded)
  f - a tinning kit (0:47)
 Gems/Stones  ('*')
  g - an uncursed touchstone

LDaviesPeters the Archeologist's attributes:

Background:
 You were a Digger, a level 1 female human Archeologist.
 You were neutral, on a mission for Camaxtli
 who was opposed by Quetzalcoatl (lawful) and Huhetotl (chaotic).
 You were right-handed.
 You were in the Gnomish Mines, on level 3.
 You entered the dungeon 55 turns ago.
 You had 7 experience points, 13 more were needed to attain level 2.

Basics:
 You had 0 out of 13 hit points.
 You had both energy points (spell power).
 Your armor class was 9.
 Your wallet contained 7 zorkmids.
 Autopickup was off.

Final Characteristics:
 Your strength was 15 (limit:18/100).
 Your dexterity was 12 (limit:18).
 Your constitution was 12 (limit:18).
 Your intelligence was 12 (limit:18).
 Your wisdom was 14 (limit:18).
 Your charisma was 10 (limit:18).

Final Status:
 You weren't hungry.
 You were unencumbered.
 You were wielding a whip.
 You had basic skill with whip.

Final Attributes:
 You were fervently aligned.
 You had automatic searching.
 You were lucky.
 You are dead.

Miscellaneous:
 You didn't encounter any bones levels.
 Total elapsed playing time was 41 seconds.

Major events:
 Turn
    1: LDaviesPeters the neutral female human Archeologist entered the dungeon
   50: entered the Gnomish Mines
   55: killed by a gnome

You didn't know any spells.

Skills:
 Fighting Skills
   bare handed combat [Unskilled]
   two weapon combat  [Unskilled]
   riding             [Unskilled]
 Weapon Skills
   dagger             [Unskilled]
   knife              [Unskilled]
   pick-axe           [Basic]
   short sword        [Unskilled]
   saber              [Unskilled]
   club               [Unskilled]
   quarterstaff       [Unskilled]
   sling              [Unskilled]
   dart               [Unskilled]
   boomerang          [Unskilled]
   whip               [Basic]
   unicorn horn       [Unskilled]
 Spellcasting Skills
   attack spells      [Unskilled]
   healing spells     [Unskilled]
   divination spells  [Unskilled]
   matter spells      [Unskilled]

Voluntary challenges:
 Character rerolling was not enabled.
 You went without food.
 You were an atheist.
 You were illiterate.
 You never genocided any monsters.
 You never polymorphed an object.
 You never changed form.
 You used no wishes.
Achievement:
 You entered the Gnomish Mines.

 The Dungeons of Doom: levels 1 to 2
    Level 1:
    Level 2:
       Stairs down to The Gnomish Mines.
 The Gnomish Mines:
    Level 3: <- You were here.
       Final resting place for
          you, killed by a gnome.


Vanquished creatures:
  a gnome

No species were genocided or became extinct.

Game over:
                       ----------
                      /          \
                     /    REST    \
                    /      IN      \
                   /     PEACE      \
                  /                  \
                  |  LDaviesPeters   |
                  |       7 Au       |
                  |   killed by a    |
                  |      gnome       |
                  |                  |
                  |                  |
                  |       2026       |
                 *|     *  *  *      | *
        _________)/\\_//(\/(/\)/\//\/|_)_______

Goodbye LDaviesPeters the Archeologist...

You died in The Gnomish Mines on dungeon level 3 with 135 points,
and 7 pieces of gold, after 55 moves.
You were level 1 with a maximum of 13 hit points when you died.

